 Dungeon Crawl Stone Soup version 0.30-a0-135-g630cfc4551 (webtiles) character file.

Game seed: 12121112342637417750

43 ytrimaz the Trooper (level 3, -1/29 HPs)
             Began as a Demonspawn Gladiator on Sept 20, 2022.
             Slain by a worm (9 damage)
             ... on level 2 of the Dungeon.
             The game lasted 00:01:45 (948 turns).

ytrimaz the Trooper (Demonspawn Gladiator)           Turns: 948, Time: 00:01:45

Health: -1/29      AC:  6    Str: 16    XL:     3   Next: 37%
Magic:  3/3        EV: 11    Int:  9    God:
Gold:   108        SH:  4    Dex: 14    Spells: 2/2 levels left

rFire   . . .      SeeInvis .    a - +0 war axe
rCold   . . .      Faith    .    (no shield)
rNeg    . . .      Spirit   .    g - +0 ring mail
rPois   .          Reflect  .    c - +0 helmet
rElec   .          Harm     .    (no cloak)
rCorr   .          Rampage  .    (no gloves)
Will    .....                    (no boots)
Stlth   +.........               (no amulet)
HPRegen 0.09/turn                (no ring)
MPRegen 0.08/turn                (no ring)

@: no status effects
A: demonic guardian 1, condensation shield
a: no special abilities


You were on level 2 of the Dungeon.
You visited 1 branch of the dungeon, and saw 2 of its levels.

You collected 108 gold pieces.


Innate Abilities, Weirdness & Mutations

A weak demonic guardian rushes to your aid.
A meltable shield of frost defends you. (SH +4)


   Skills:
 * Level 3.3 Fighting
 + Level 3.1 Axes
 - Level 1.7 Throwing
 - Level 2.6 Dodging


You had 2 spell levels left.
You didn't know any spells.
Your spell library contained the following spells:

 Spells                   Type           Power      Damage    Failure   Level
 Summon Small Mammal      Summ           0%         N/A       61%         1
 Call Canine Familiar     Summ           0%         N/A       93%         3
 Summon Guardian Golem    Hex/Summ       0%         N/A       93%         3

Inventory:

Hand Weapons
 a - a +0 war axe (weapon)
Missiles
 d - 3 throwing nets (quivered)
 e - a javelin
Armour
 c - a +0 helmet (worn)
 g - a +0 ring mail (worn)
   (You found it on level 1 of the Dungeon)
Scrolls
 b - a scroll of fear {unknown}
 f - a scroll of immolation {unknown}
 h - a scroll of identify {unknown}
 i - a scroll of torment {unknown}
Potions
 j - 3 potions of cancellation {unknown}

Dungeon Overview and Level Annotations

Branches:
Dungeon (2/15) Zot: 11021

Altars:

. ). ...
....
.....####
#.Sw.#
#@# #5#
#.# #.##
#..#
##.##
#..#
##.##
#..##
########


You could see a worm (ally target), an adder and a friendly quasit (summoned).


Message History

You slash the worm! You punch the worm. The worm bites you but does no damage.
You hit the worm. The worm misses you.
You slash the worm!
You kill the worm!
A worm comes into view.
A worm is nearby!
A worm is nearby!
The worm closely misses you.
You barely miss the worm. You slash the worm! The worm bites you. 😕 HP[-1]
You take 1 damage, and now have 28/29 hp.
You barely miss the worm. You block the worm's attack.
You hit the worm. The worm closely misses you. 😎 HP[+1]
Your hp is fully restored (29).
You hit the worm. You hit the worm but do no damage.
The worm barely misses you.
You slash the worm!
You kill the worm!
You see here a worm corpse.
i - a scroll labelled WOLOXIOJUCW
Found a stone staircase leading down.
You now have 103 gold pieces (gained 9).
A goblin comes into view. It is wielding a +0 dagger.
The goblin shouts!
A goblin is nearby!
A goblin is nearby!
You see here a +0 leather armour.
The goblin hits you but does no damage.
You slash the goblin!
You kill the goblin!
Things that are here:
a +0 dagger; a goblin corpse
There is a stone staircase leading down here.
Things that are here:
a +0 dagger; a goblin corpse You see here a +0 leather armour.
j - 2 pink potions You see here a +0 leather armour.
Things that are here:
a +0 dagger; a goblin corpse
There is a stone staircase leading down here.
A hobgoblin and an endoplasm come into view.
The endoplasm quivers.
There are monsters nearby!
A goblin comes into view. It is wielding a +0 dagger.
The goblin shouts!
There are monsters nearby!
You hit the hobgoblin. The hobgoblin barely misses you.
The hobgoblin hits you. 😕 HP[-1]
You take 1 damage, and now have 28/29 hp.
You hit the hobgoblin.
You kill the hobgoblin!
You hit the endoplasm.
The endoplasm hits you but does no damage.
The endoplasm hits you.
You see here a hobgoblin corpse.
You slash the endoplasm!
You kill the endoplasm!
You hit the goblin. You block the goblin's attack. x2
You barely miss the goblin. The goblin hits you but does no damage.
You slash the goblin!
You kill the goblin!
Things that are here:
a +0 dagger; a goblin corpse
j - 3 pink potions (gained 1)
You now have 108 gold pieces (gained 5).
A worm and an adder come into view.
The adder hisses angrily. 😎 HP[+1]
Your hp is fully restored (29).
There are monsters nearby!
There are monsters nearby!
You barely miss the worm. You hit the worm. The worm closely misses you.
You barely miss the worm. The worm bites you! 😕 HP[-7]
You take 7 damage, and now have 22/29 hp.
MASSIVE DAMAGE!! (PAUSE)
You completely miss the worm. The worm bites you. 😮 HP[-2]
You take 2 damage, and now have 20/29 hp.
You hit the worm. The worm closely misses you.
Unknown command.
You hit the worm.
Unknown command.
You hit the worm. The worm barely misses you.
You hit the worm. The worm bites you!
* * * LOW HITPOINT WARNING * * *
😨 HP[-8]
You take 8 damage, and now have 12/29 hp.
MASSIVE DAMAGE!! (PAUSE)
You barely miss the worm. The worm bites you.
* * * LOW HITPOINT WARNING * * *
A demonic guardian appears! 😱 HP[-5]
You take 5 damage, and now have 7/29 hp.
You barely miss the worm. The worm bites you!
You die...

Skill      XL: |  1  2 |
---------------+-------+-----
Axes           | 3 |  3.1
Fighting       | 3 |  3.3
Throwing       | |  1.7
Dodging        | |  2.6

Action                   || total
-------------------------++-------
Melee: War axe           ||    84
       Punch             ||     1
Armor: Leather armour    ||    22
       Ring mail         ||    22
Dodge: Dodged            ||    63
Block: Other             ||    12

Levels and vault maps discovered:
D:1:      dpeg_arrival_simpleton_b, layout_rooms, st_stairs_11
D:2:      layout_basic, dreamdust_ecumenical_altar_sealed_demon

Notes
Turn   | Place    | Note
-------+----------+-------------------------------------------
     0 | D:1      | ytrimaz the Demonspawn Gladiator began the quest for the
                  | Orb.
     0 | D:1      | Reached XP level 1. HP: 16/16 MP: 1/1
     0 | D:1      | magus.rc [v1.9.6]
    93 | D:1      | Gained mutation: A meltable shield of frost defends you.
                  | (SH +4) [demonic ancestry]
    93 | D:1      | Reached XP level 2. HP: 23/23 MP: 2/2
   427 | D:1      | You pick up a book of Callings and begin reading...
   427 | D:1      | You add the spells Summon Small Mammal, Call Canine
                  | Familiar and Summon Guardian Golem to your library.
   440 | D:1      | Reached skill level 3 in Axes
   666 | D:2      | Reached skill level 3 in Fighting
   786 | D:2      | Gained mutation: A weak demonic guardian rushes to your
                  | aid. [demonic ancestry]
   786 | D:2      | Reached XP level 3. HP: 28/29 MP: 3/3
   947 | D:2      | HP: 7/29 [worm (5)]
   948 | D:2      | Slain by a worm

Vanquished Creatures
  3 worms (D:2)
  A dart slug (D:1)
  An endoplasm (D:2)
  2 giant cockroaches (D:1)
  3 goblins (D:2)
  4 hobgoblins
  2 kobolds (D:1)
  4 quokkas
  5 bats
  2 frilled lizards (D:1)
  2 rats (D:1)
29 creatures vanquished.

Vanquished Creatures (others)
  2 demonic plants (D:2)
2 creatures vanquished.

Grand Total: 31 creatures vanquished

Table legend:
 A = Non-vault XP
 B = Vault XP
 C = Vault XP percentage of total XP
 D = Non-vault monster count
 E = Vault monster count
 F = Vault count percentage of total count
                 A         B        C        D         E       F
            +---------+---------+-------+---------+---------+-------
      Total |      57 |       5 |   8.1 |      26 |       3 |  10.3
            +---------+---------+-------+---------+---------+-------
        D:1 |      25 |       5 |  16.7 |      14 |       3 |  17.6
        D:2 |      32 |       0 |   0.0 |      12 |       0 |   0.0
            +---------+---------+-------+---------+---------+-------

Illustrated notes

Table legend:
 A = Kills in this place as a percentage of kills in entire the game.
 B = Kills by you in this place as a percentage of kills by you in the entire game.
 C = Kills by friends in this place as a percentage of kills by friends in the entire game.
 D = Other kills in this place as a percentage of other kills in the entire game.
 E = Experience gained in this place as a percentage of experience gained in the entire game.
 F = Experience gained in this place divided by the number of levels of this place that you have seen.
                   A       B       C       D       E      F
               +-------+-------+-------+-------+-------+----------------------
         Total | 100.0 | 100.0 |   N/A |   N/A | 100.0 |  31.0
       Dungeon | 100.0 | 100.0 |   N/A |   N/A | 100.0 |  31.0
               +-------+-------+-------+-------+-------+----------------------

Table legend: (Time is in decaauts)
 A = Elapsed time spent in this place.
 B = Non-inter-level travel time spent in this place.
 C = Inter-level travel time spent in this place.
 D = Time resting spent in this place.
 E = Time spent auto-exploring this place.
 F = Levels seen in this place.
 G = Mean time per level.
                   A        B        C        D        E       F      G
               +--------+--------+--------+--------+--------+-----+--------+
         Total |    977 |    938 |     39 |      0 |    702 |   2 |  488.5 |
       Dungeon |    977 |    938 |     39 |      0 |    702 |   2 |  488.5 |
               +--------+--------+--------+--------+--------+-----+--------+

Top non-repeatable levels by time:
     D:1: 664 daAuts
     D:2: 313 daAuts
